 Dungeon Crawl Stone Soup version 0.30-a0-782-ge64f9170bb (webtiles) character file.

Game seed: 3433557879197336454

145911 epen the Royal Jelly (level 17, -7/133 (135) HPs)
             Began as a Gnoll Warper on Mar 9, 2023.
             Was the Champion of Jiyva.
             Killed by divine providence
             ... invoked by a deep elf high priest
              (14 damage)
             ... on level 3 of the Elven Halls.
             The game lasted 00:51:47 (26754 turns).

epen the Royal Jelly (Gnoll Warper)                Turns: 26754, Time: 00:51:47

HP:   -7/133 (135)  AC: 15    Str: 11    XL:     17   Next: 43%
MP:   34/34         EV: 26    Int: 17    God:    Jiyva [******]
Gold: 1699          SH:  8    Dex: 19    Spells: 36/42 levels left

rFire   + + +      SeeInvis .    a - +6 trident "Sioryvva" {freeze, Int+2 Dex+2}
rCold   . . .      Faith    .    k - +0 buckler
rNeg    . . .      Spirit   .    O - +0 troll leather armour
rPois   +          Reflect  .    (helmet restricted)
rElec   .          Harm     .    s - +0 cloak {Will+}
rCorr   +          Rampage  .    M - +2 pair of gloves
rMut    +                        v - +2 pair of boots of the Goldsmith {Will+}
Will    ++++.                    S - amulet of regeneration
Stlth   +++++                    h - +5 ring of evasion
HPRegen 3.62/turn                K - ring of poison resistance
MPRegen 0.74/turn

@: lethally poisoned (-7 -> -15), corroded, calling ooze, hasted, lightly
drained, very quick
A: fangs 1, strong nose, distributed training, horns 1, talons 1, iridescent
scales 3, fire resistance 3, strong-willed 1, mutation resistance 3, gelatinous
body 1, pseudopods 1, noise suppression
a: Renounce Religion, Oozemancy, Slimify


You were on level 3 of the Elven Halls.
You worshipped Jiyva.
Jiyva was exalted by your worship.
You visited 6 branches of the dungeon, and saw 31 of its levels.
You visited the Abyss 1 time.
You also visited: Sewer and Gauntlet.

You collected 1962 gold pieces.
You spent 263 gold pieces at shops.

Inventory:

Hand Weapons
 a - the +6 trident "Sioryvva" (weapon) {freeze, Int+2 Dex+2}
   (You bought it in a shop on level 1 of the Elven Halls)

   Int:       It affects your intelligence (+2).
   Dex:       It affects your dexterity (+2).
 J - the +7 whip "Taaluzah" {venom, rC++}
   (You found it on level 4 of the Dungeon)

   rC:        It greatly protects you from cold.
 Z - a +2 scimitar of flaming
Missiles
 d - 8 boomerangs of dispersal (quivered)
 l - 16 boomerangs
 W - 5 silver boomerangs
Armour
 k - a +0 buckler (worn)
 s - a +0 cloak of willpower (worn)
 v - the +2 pair of boots of the Goldsmith (worn) {Will+}
   (You found it on level 1 of the Elven Halls)

   Will:      It increases your willpower.
 M - a +2 pair of gloves (worn)
 O - a +0 troll leather armour (worn)
Jewellery
 h - a +5 ring of evasion (left hand)
 q - an amulet of the acrobat
 t - an amulet of faith
 K - a ring of poison resistance (right hand)
 S - an amulet of regeneration (around neck)
 V - a ring of magical power
 Y - a ring of ice
Wands
 f - a wand of flame (15)
 j - a wand of paralysis (4)
 C - a wand of digging (14)
 E - a wand of iceblast (15)
 G - a wand of acid (4)
Scrolls
 g - 3 scrolls of vulnerability
 p - 2 scrolls of silence
 w - 4 scrolls of teleportation
 x - 2 scrolls of fog
 y - 3 scrolls of enchant weapon
 A - 2 scrolls of butterflies
 P - a scroll of fear
 Q - 2 scrolls of amnesia
 U - 5 scrolls of identify
Potions
 b - a potion of heal wounds
 c - 4 potions of ambrosia
 e - 2 potions of invisibility
 i - 6 potions of curing
 m - 3 potions of berserk rage
 o - 3 potions of lignification
 r - 2 potions of cancellation
 z - 2 potions of mutation
 B - a potion of haste
 D - 2 potions of magic
 F - 4 potions of brilliance
 I - 3 potions of degeneration
 L - a potion of resistance
 N - 3 potions of might
 R - 2 potions of attraction
 T - 2 potions of flight
Miscellaneous
 n - a lightning rod (4/4)
 X - a lightning rod (4/4)


   Skills:
 + Level 12.8 Fighting
 + Level 12.0 Short Blades
 + Level 12.8 Long Blades
 + Level 12.0 Axes
 + Level 12.0 Maces & Flails
 + Level 12.0 Polearms
 + Level 12.0 Staves
 + Level 12.0 Ranged Weapons
 + Level 12.3 Throwing
 + Level 12.3 Armour
 + Level 12.8 Dodging
 + Level 12.0 Stealth
 + Level 12.0 Shields
 + Level 12.0 Unarmed Combat
 + Level 13.0 Spellcasting
 + Level 10.2 Conjurations
 + Level 10.2 Hexes
 + Level 10.2 Summonings
 + Level 10.2 Necromancy
 + Level 11.5 Translocations
 + Level 10.2 Transmutations
 + Level 10.2 Fire Magic
 + Level 10.2 Ice Magic
 + Level 10.2 Air Magic
 + Level 10.2 Earth Magic
 + Level 10.2 Poison Magic
 + Level 13.1 Invocations
 + Level 12.0 Evocations


You had 36 spell levels left.
You knew the following spells:

 Your Spells              Type           Power      Damage    Failure   Level
a - Statue Form           Tmut/Erth      30%        N/A       22%         6

Your spell library contained the following spells:

 Spells                   Type           Power      Damage    Failure   Level
 Kiss of Death            Conj/Necr      100%       2d13      1%          1
 Magic Dart               Conj           100%       1d8       1%          1
 Blink                    Tloc           100%       N/A       1%          2
 Call Imp                 Summ           45%        N/A       1%          2
 Cigotuvi's Dreadful Rot  Necr/Pois/Air  90%        N/A       1%          2
 Lesser Beckoning         Tloc           100%       N/A       1%          2
 Poisonous Vapours        Pois/Air       90%        N/A       1%          2
 Confusing Touch          Hex            45%        N/A       1%          3
 Frozen Ramparts          Ice            90%        1d14      1%          3
 Hailstorm                Conj/Ice       45%        3d10      1%          3
 Mephitic Cloud           Conj/Pois/Air  45%        N/A       1%          3
 Teleport Other           Tloc           50%        N/A       1%          3
 Vhi's Electric Charge    Tloc/Air       96%        N/A       1%          3
 Dispel Undead            Necr           45%        3d17      1%          4
 Flame Wave               Conj/Fire      45%        2d12      1%          4
 Ice Form                 Ice/Tmut       45%        N/A       1%          4
 Leda's Liquefaction      Hex/Erth       22%        N/A       1%          4
 Manifold Assault         Tloc           50%        N/A       1%          4
 Summon Ice Beast         Ice/Summ       45%        N/A       1%          4
 Fireball                 Conj/Fire      22%        3d10      3%          5
 Freezing Cloud           Conj/Ice/Air   22%        6-21      3%          5
 Lee's Rapid Deconstruct  Erth           22%        3d13*     3%          5
 Simulacrum               Ice/Necr       22%        N/A       22%         6
 Polar Vortex             Ice            22%        N/A       100%        9


Dungeon Overview and Level Annotations

Branches:
Dungeon (15/15)            Temple (1/1) D:5            Lair (5/5) D:11
 Shoals (0/4) Lair:2       Spider (0/4) Lair:3        Slime (5/5) Lair:4
    Orc (2/2) D:9             Elf (3/3) Orc:2        Vaults (0/5) D:13
 Depths (0/4) D:15          Sewer (visited)         Gauntlet (visited)

Altars:
Cheibriados
Dithmenos
Elyvilon
Gozag
Hepliaklqana
Kikubaaqudgha
Makhleb
Nemelex Xobeh
Okawaru
Qazlal
Ru
Sif Muna
Trog
Uskayaw
Vehumet
Wu Jian
Xom
Yredelemnul
Zin
The Shining One
Jiyva

Shops:
D:1 !   D:6 *   D:7 [   D:11 ?   Orc:2 [(!=   Elf:1 (=[[   Elf:3 =::

Portals:
Desolation: Elf:2

Annotations:
D:6 2 transporters
D:15 exclusion: obsidian statue
Lair:2 exclusion: oklob plant
Slime:5 Royal Jelly
Elf:2 3 runed translucent doors


Innate Abilities, Weirdness & Mutations

You have very sharp teeth.
Your uncanny sense of smell can sniff out nearby items.
Your experience applies equally to all skills.
You have a pair of small horns on your head.
You have sharp toenails.
You are completely covered in iridescent scales. (AC +6)
Your flesh is almost immune to the effects of heat. (rF+++)
You are strong-willed. (Will+)
You are almost entirely resistant to further mutation and mutation removal.
Your rubbery body absorbs attacks. (AC +1, EV +1)
Armour fits poorly on your pseudopods.
You passively dampen the noise of your surroundings.


Message History

The reaper hits you from afar with a +4 scythe of venom!!
* * * LOW HITPOINT WARNING * * *
You are poisoned.
The deep elf elementalist closely misses you.
As you read the scroll of fear, it crumbles to dust.
You assume a fearsome visage.
The deep elf high priest looks frightened!
The smoke demon looks frightened!
The deep elf annihilator easily resists.
The deep elf elementalist resists with almost no effort. x2
The deep elf demonologist resists with almost no effort.
The deep elf high priest easily resists.
The deep elf annihilator resists with almost no effort.
The deep elf sorcerer easily resists.
The reaper looks frightened!
The orange demon looks frightened!
The Executioner resists with almost no effort.
You feel extremely sick.
The deep elf demonologist seems less brilliant.
The deep elf sorcerer is asphyxiated!
The walls burn the Executioner!
The Executioner hits you!
* * * LOW HITPOINT WARNING * * *
You block the Executioner's attack. The Executioner completely misses you.
The walls burn the deep elf sorcerer!
The deep elf sorcerer hits you with a +0 dagger!
* * * LOW HITPOINT WARNING * * *
Your quicksilver ooze barely misses the deep elf sorcerer.
Your quicksilver ooze hits the deep elf sorcerer.
The deep elf sorcerer's magic leaks into the air.
The walls burn the Executioner!
The Executioner completely misses you.
The Executioner hits you but does no damage.
The Executioner closely misses you.
The walls burn the smoke demon!
Your attack snaps the smoke demon out of its fear.
The walls burn the deep elf elementalist!
The deep elf elementalist completely misses you.
The walls burn the deep elf high priest!
Your attack snaps the deep elf high priest out of its fear.
The deep elf high priest shouts, "You are a heretic and must be destroyed!"
The deep elf high priest mumbles some strange prayers to its god against you.
Something smites you!
You die... e.... ..4 .e. ∆ ∆ eee

∆∆∆∆∆
##e##
∆∆∆∆∆
#32.#∆∆∆∆
#)e1#∆∆
#e@)#
##J###
#.).##
###..###
##...##
###..## ##
##..####.#
##....#.#+
####....#


You could see a reaper (summoned, fleeing), 2 deep elf annihilators, an
Executioner (summoned, fast), a deep elf sorcerer (fast, empowered,
asphyxiating, magic disrupted), 2 deep elf elementalists, a deep elf
demonologist, an orange demon (summoned, fleeing), 2 deep elf high priests, a
smoke demon (summoned, fleeing) and a friendly quicksilver ooze (summoned, very
poisoned).

Vanquished Creatures
  2 tentacled starspawn (Abyss:2)
  2 deep elf elementalists (Elf:3)
  An orc warlord (Orc:2)
  A deep elf demonologist (Elf:3)
  A deep elf annihilator (Elf:1)
  A blizzard demon (Abyss:2)
  An ettin (D:15)
  A deep elf high priest (Elf:3)
  Erolcha (D:13)
  2 catoblepae
  5 vault guards (D:13)
  6 hydras
  5 centaur warriors
  Harold (D:11)
  A spriggan skeleton (Abyss:1)
  A death knight (D:13)
  20 dancing weapons
  A death yak (Lair:5)
  3 two-headed ogres
  3 orc high priests (Orc:2)
  3 tengu warriors
  The ghost of Rueben the Covert, a journeyman FeBe of Trog (Elf:1)
  A thrashing horror (Abyss:1)
  5 deep elf knights (Elf:1)
  8 skeletal warriors
  A wretched star (Abyss:2)
  A pharaoh ant (Lair:3)
  2 skysharks
  2 deep trolls (D:15)
  15 deep elf archers
  An orc knight (Orc:1)
  A phantasmal warrior (D:13)
  Pikel (D:7)
  4 harpies (Lair:2)
  3 orc sorcerers
  A manticore (D:11)
  3 wizards
  17 deep elf pyromancers
  22 deep elf zephyrmancers
  7 ugly things
  5 cyclopes
  7 large abominations
  17 elephants
  4 black mambas
  A smoke demon (Abyss:1)
  3 torpor snails
  A cane toad (shapeshifter) (Elf:1)
  5 cane toads
  5 gargoyles (D:12)
  14 komodo dragons
  An orange demon (Abyss:1)
  2 efreet
  3 rime drakes
  2 unseen horrors (D:12)
  2 yaktaurs
  2 tengu conjurers
  An ice devil (Abyss:1)
  An ancient zyme (Abyss:1)
  3 trolls
  5 polar bears
  A queen bee (Lair:3)
  3 meliai (D:15)
  A harpy zombie (Abyss:1)
  3 dream sheep (Lair:5)
  A harpy skeleton (Abyss:1)
  4 hornets (Lair:5)
  3 blink frogs (Lair:5)
  18 spriggans
  A water elemental (Elf:2)
  6 flying skulls (Abyss:2)
  Sigmund (D:3)
  A centaur simulacrum (D:15)
  3 ynoxinuls (Abyss:1)
  2 air elementals (Elf:2)
  37 yaks
  A naga simulacrum (Abyss:1)
  4 fire elementals
  4 wraiths
  A basilisk (shapeshifter) (D:14)
  A wyvern (Lair:3)
  2 starcursed masses (Abyss:1)
  Eustachio (D:4)
  6 basilisks
  Grum (D:8)
  2 steam dragons
  Menkaure (D:4)
  3 vampire mosquitoes
  2 wargs
  A naga zombie (Abyss:1)
  3 acid dragons
  14 water moccasins
  36 orc warriors
  A sky beast (Abyss:1)
  8 ice beasts
  8 ogres
  4 black bears
  33 wolves
  4 boggarts (Lair:5)
  7 centaurs
  3 kobold brigands
  9 bullfrogs
  3 necrophages
  3 gnoll sergeants
  3 scorpions
  9 small abominations
  14 wights
  Dowan (D:5)
  37 killer bees
  7 howler monkeys
  A quasit (Abyss:2)
  19 orc priests
  3 hounds
  Crazy Yiuf (D:2)
  A gnoll bouda (D:8)
  An iron imp (Abyss:1)
  Ijyb (D:4)
  Terence (D:2)
  5 iguanas
  24 orc wizards
  Natasha (D:2)
  Robin (D:3)
  18 gnolls
  7 adders
  7 river rats
  2 shadow imps
  A white imp (Abyss:1)
  3 ufetubi
  5 worms (D:3)
  A dart slug (D:2)
  81 orcs
  4 bats
  8 endoplasms
  A giant cockroach (D:4)
  17 goblins
  8 hobgoblins
  3 jackals
  5 quokkas
  8 ball pythons
  12 frilled lizards
  11 kobolds
  10 rats
  A starspawn tentacle (Abyss:2)
836 creatures vanquished.

Vanquished Creatures (collateral kills)
  Jorgrun (D:15)
  A deep elf annihilator (Elf:3)
  A hydra (D:15)
  A boulder beetle (D:11)
  A dancing weapon (Elf:1)
  2 deep elf knights
  A deep elf pyromancer (D:15)
  A deep elf archer (Elf:1)
  A komodo dragon (D:10)
  A jumping spider (Lair:3)
  A redback (Lair:3)
  A gnoll (D:10)
13 creatures vanquished.

Vanquished Creatures (others)
  2 centaur warriors (D:13)
  2 two-headed ogres (D:12)
  A death yak (Lair:2)
  2 wizards
  A deep elf archer (Elf:1)
  2 deep elf pyromancers
  A deep elf zephyrmancer (Elf:1)
  An ugly thing (D:13)
  A troll (D:12)
  A water elemental (Elf:1)
  8 slime creatures
  5 yaks
  A vampire mosquito (D:12)
  Duvessa (D:5)
  A water moccasin (Lair:1)
  A phantom (D:5)
  3 bullfrogs
  A wight (D:7)
  4 killer bees
  103 jellies
  A hound (D:6)
  2 quasits (D:5)
  An orc priest (D:11)
  6 orc wizards
  An adder (D:5)
  2 gnolls
  The ghost of Flugkiller the Sneak, a weakling DsDe (D:5)
  A dart slug (D:5)
  22 orcs
  54 fungi
  4 pillars of salt (Elf:2)
  76 plants
  5 starspawn tentacles (Abyss:2)
318 creatures vanquished.

Grand Total: 1167 creatures vanquished

Notes
Turn   | Place    | Note
-------+----------+-------------------------------------------
     0 | D:1      | epen the Gnoll Warper began the quest for the Orb.
     0 | D:1      | Reached XP level 1. HP: 20/20 MP: 6/6
    41 | D:1      | Found Efyopp's Distillery.
    61 | D:1      | Reached XP level 2. HP: 26/26 MP: 7/7
   110 | D:1      | Found a faded altar of an unknown god.
   625 | D:1      | Reached skill level 5 in Spellcasting
   625 | D:1      | Reached XP level 3. HP: 30/31 MP: 7/9
  1106 | D:2      | Reached skill level 1 in Invocations
  1214 | D:2      | Reached skill level 1 in Short Blades
  1214 | D:2      | Reached skill level 1 in Axes
  1214 | D:2      | Reached skill level 1 in Maces & Flails
  1214 | D:2      | Reached skill level 1 in Polearms
  1214 | D:2      | Reached skill level 1 in Staves
  1214 | D:2      | Reached skill level 1 in Ranged Weapons
  1214 | D:2      | Reached skill level 1 in Stealth
  1214 | D:2      | Reached skill level 1 in Shields
  1214 | D:2      | Reached skill level 1 in Unarmed Combat
  1214 | D:2      | Reached skill level 1 in Evocations
  1268 | D:2      | Found a runed translucent door.
  1269 | D:2      | Noticed Crazy Yiuf
  1282 | D:2      | Noticed Natasha
  1290 | D:2      | Killed Natasha
  1291 | D:2      | Reached XP level 4. HP: 37/38 MP: 11/11
  1552 | D:2      | Noticed Terence
  1567 | D:2      | Killed Terence
  1568 | D:2      | Reached skill level 1 in Conjurations
  1568 | D:2      | Reached skill level 1 in Hexes
  1568 | D:2      | Reached skill level 1 in Summonings
  1568 | D:2      | Reached skill level 1 in Necromancy
  1568 | D:2      | Reached skill level 1 in Transmutations
  1568 | D:2      | Reached skill level 1 in Fire Magic
  1568 | D:2      | Reached skill level 1 in Ice Magic
  1568 | D:2      | Reached skill level 1 in Air Magic
  1568 | D:2      | Reached skill level 1 in Earth Magic
  1568 | D:2      | Reached skill level 1 in Poison Magic
  1712 | D:2      | Killed Crazy Yiuf
  1713 | D:2      | Reached XP level 5. HP: 27/43 MP: 12/12
  1951 | D:3      | Noticed Sigmund
  1970 | D:3      | Noticed Robin
  2002 | D:3      | Killed Robin
  2050 | D:3      | Found a sacrificial altar of Ru.
  2096 | D:3      | Found a glowing drain.
  2120 | Sewer    | Entered a sewer
  2240 | Sewer    | Reached XP level 6. HP: 50/50 MP: 13/13
  2421 | Sewer    | Reached skill level 5 in Fighting
  2421 | Sewer    | Reached skill level 5 in Long Blades
  2421 | Sewer    | Reached skill level 5 in Dodging
  3188 | D:3      | Killed Sigmund
  3189 | D:3      | Reached XP level 7. HP: 46/56 MP: 15/15
  3299 | D:4      | Noticed Eustachio
  3609 | D:4      | Killed Eustachio
  3662 | D:4      | Noticed Ijyb
  3673 | D:4      | Killed Ijyb
  3970 | D:4      | Reached XP level 8. HP: 59/63 MP: 16/16
  4075 | D:4      | Identified the +7 whip "Taaluzah" {venom, rC++}
  4098 | D:4      | Noticed Menkaure
  4110 | D:4      | Killed Menkaure
  4381 | D:5      | Entered Level 5 of the Dungeon
  4474 | D:5      | Found a transporter.
  4476 | D:5      | Noticed Flugkiller's ghost (weakling DsDe)
  4491 | D:5      | Found a transporter.
  4534 | D:5      | Found a staircase to the Ecumenical Temple.
  4555 | Temple   | Entered the Ecumenical Temple
  4679 | Temple   | Became a worshipper of Jiyva Jirr the Shapeless
  4758 | D:5      | Found a shimmering altar of Xom.
  4909 | D:5      | Reached * piety under Jiyva
  5250 | D:5      | Reached ** piety under Jiyva
  5394 | D:5      | Noticed Duvessa
  5394 | D:5      | Noticed Dowan
  5417 | D:5      | Killed Duvessa
  5421 | D:5      | Killed Dowan
  5481 | D:5      | Killed Flugkiller's ghost
  5566 | D:6      | Found a transporter.
  5591 | D:6      | Found Zyvig's Assorted Antiques.
  5802 | D:6      | Reached XP level 9. HP: 51/69 MP: 18/18
  5944 | D:6      | Found a transporter.
  6034 | D:6      | Found an ancient bone altar of Kikubaaqudgha.
  6047 | D:6      | Reached *** piety under Jiyva
  6223 | D:6      | Gained mutation: You have acidic saliva. [Jiyva's grace]
  6223 | D:6      | Gained mutation: Your natural rate of healing is unusually
                  | fast. [Jiyva's grace]
  6223 | D:6      | Gained mutation: You heal very quickly. [Jiyva's grace]
  6223 | D:6      | Gained mutation: You regenerate. [Jiyva's grace]
  6233 | D:6      | Found a hide-covered altar of Uskayaw.
  6261 | D:6      | Found a shadowy altar of Dithmenos.
  6635 | D:7      | Reached skill level 5 in Throwing
  6635 | D:7      | Reached skill level 5 in Armour
  6721 | D:7      | Found a glowing golden altar of the Shining One.
  6905 | D:7      | Reached skill level 5 in Invocations
  6921 | D:7      | Reached **** piety under Jiyva
  7135 | D:7      | Noticed Pikel
  7146 | D:7      | Killed Pikel
  7391 | D:7      | Found a shimmering blue altar of Sif Muna.
  7412 | D:7      | Found Gosozitt's Antique Armour Shop.
  7455 | D:7      | Reached skill level 5 in Short Blades
  7455 | D:7      | Reached skill level 5 in Axes
  7455 | D:7      | Reached skill level 5 in Maces & Flails
  7455 | D:7      | Reached skill level 5 in Polearms
  7455 | D:7      | Reached skill level 5 in Staves
  7455 | D:7      | Reached skill level 5 in Ranged Weapons
  7455 | D:7      | Reached skill level 5 in Stealth
  7455 | D:7      | Reached skill level 5 in Shields
  7455 | D:7      | Reached skill level 5 in Unarmed Combat
  7455 | D:7      | Reached skill level 5 in Evocations
  7455 | D:7      | Reached XP level 10. HP: 77/77 MP: 20/20
  7706 | D:8      | Noticed Grum
  7728 | D:8      | Killed Grum
  7763 | D:8      | Reached ***** piety under Jiyva
  7968 | D:8      | Lost mutation: You regenerate. [Jiyva's grace]
  7968 | D:8      | Lost mutation: You heal very quickly. [Jiyva's grace]
  7968 | D:8      | Gained mutation: You have a pair of small horns on your
                  | head. [Jiyva's grace]
  7968 | D:8      | Gained mutation: You have a pair of horns on your head.
                  | [Jiyva's grace]
  7968 | D:8      | Gained mutation: You have a pair of large horns on your
                  | head. [Jiyva's grace]
  7968 | D:8      | Gained mutation: You are partially covered in iridescent
                  | scales. (AC +2) [Jiyva's grace]
  8005 | D:8      | Found a basalt altar of Yredelemnul.
  8471 | D:9      | Identified the +1 short sword "Plog" {flame, *Corrode
                  | Str+6}
  8495 | D:9      | Found a sparkling altar of Nemelex Xobeh.
  8534 | D:9      | Found an iron altar of Okawaru.
  8608 | D:9      | Reached skill level 5 in Conjurations
  8608 | D:9      | Reached skill level 5 in Hexes
  8608 | D:9      | Reached skill level 5 in Summonings
  8608 | D:9      | Reached skill level 5 in Necromancy
  8608 | D:9      | Reached skill level 5 in Transmutations
  8608 | D:9      | Reached skill level 5 in Fire Magic
  8608 | D:9      | Reached skill level 5 in Ice Magic
  8608 | D:9      | Reached skill level 5 in Air Magic
  8608 | D:9      | Reached skill level 5 in Earth Magic
  8608 | D:9      | Reached skill level 5 in Poison Magic
  8608 | D:9      | Reached XP level 11. HP: 83/85 MP: 22/22
  8844 | D:9      | Found a staircase to the Orcish Mines.
  9204 | D:9      | Noticed a two-headed ogre
  9212 | D:9      | Killed a two-headed ogre
  9373 | D:10     | Entered Level 10 of the Dungeon
  9410 | D:10     | You fall into a shaft and drop 2 floors!
  9413 | D:12     | Noticed a skeletal warrior
  9414 | D:12     | Noticed a skeletal warrior
  9502 | D:11     | Found Felacied's Magic Scroll Boutique.
  9563 | D:10     | Lost mutation: You have a pair of large horns on your head.
                  | [Jiyva's grace]
  9563 | D:10     | Gained mutation: You expend magic power (3 MP) to
                  | strengthen your wands. [Jiyva's grace]
  9563 | D:10     | Gained mutation: You are strong-willed. (Will+) [Jiyva's
                  | grace]
  9563 | D:10     | Gained mutation: You are highly strong-willed. (Will++)
                  | [Jiyva's grace]
  9563 | D:10     | Gained mutation: You are extremely strong-willed. (Will+++)
                  | [Jiyva's grace]
  9570 | D:10     | Noticed a two-headed ogre
  9581 | D:10     | Killed a two-headed ogre
  9818 | D:10     | Found a hazy altar of Hepliaklqana.
 10220 | D:11     | Noticed a cyclops
 10235 | D:11     | Killed a cyclops
 10235 | D:11     | Noticed a manticore
 10241 | D:11     | Noticed a boulder beetle
 10331 | D:11     | Killed a manticore
 10388 | D:11     | Killed a boulder beetle
 10389 | D:11     | Reached XP level 12. HP: 59/94 MP: 24/24
 10411 | D:11     | Found a staircase to the Lair.
 10544 | D:11     | Noticed Harold
 10555 | D:11     | Killed Harold
 10689 | D:11     | Noticed a two-headed ogre
 10701 | D:11     | Killed a two-headed ogre
 10719 | D:11     | Found a sparkling altar of Nemelex Xobeh.
 10830 | Lair:1   | Entered Level 1 of the Lair of Beasts
 11540 | Lair:2   | Found a gate leading to a gauntlet.
 11549 | Gauntlet | Entered a Gauntlet
 11549 | Gauntlet | Found a transporter.
 11549 | Gauntlet | Found a runed translucent door.
 11549 | Gauntlet | Found a transporter.
 11556 | Gauntlet | Found a runed translucent door.
 11567 | Gauntlet | Found a transporter.
 11571 | Gauntlet | Found a transporter.
 11579 | Gauntlet | Found a transporter.
 11583 | Gauntlet | Found a transporter.
 11585 | Gauntlet | Noticed a quicksilver ooze
 11591 | Gauntlet | Found a transporter.
 11608 | Gauntlet | Found a transporter.
 11623 | Gauntlet | Found a transporter.
 11626 | Gauntlet | Found a transporter.
 11634 | Gauntlet | Found a transporter.
 11638 | Gauntlet | Found a transporter.
 11874 | Lair:2   | Lost mutation: You are extremely strong-willed. (Will+++)
                  | [Jiyva's grace]
 11874 | Lair:2   | Gained mutation: You have an increased reservoir of magic.
                  | (+10% MP) [Jiyva's grace]
 11874 | Lair:2   | Gained mutation: You have a considerably increased
                  | reservoir of magic. (+20% MP) [Jiyva's grace]
 11874 | Lair:2   | Gained mutation: You have a greatly increased reservoir of
                  | magic. (+30% MP) [Jiyva's grace]
 11874 | Lair:2   | Gained mutation: Your spells are a little harder to cast,
                  | but a little more powerful. [Jiyva's grace]
 11944 | Lair:2   | Found a staircase to the Shoals.
 12072 | Lair:2   | Noticed a death yak
 12073 | Lair:2   | Noticed a death yak
 12096 | Lair:2   | Slimified a death yak
 12096 | Lair:2   | a death yak changed into an azure jelly
 12096 | Lair:2   | Noticed an azure jelly
 12097 | Lair:2   | Killed a death yak
 12098 | Lair:2   | Reached XP level 13. HP: 71/101 MP: 30/34
 12657 | Lair:2   | Reached skill level 10 in Spellcasting
 12794 | Lair:3   | Found a hole to the Spider Nest.
 12906 | Lair:3   | Reached skill level 10 in Fighting
 12906 | Lair:3   | Reached skill level 10 in Long Blades
 12906 | Lair:3   | Reached skill level 10 in Dodging
 12995 | Lair:3   | Noticed Snorg
 13030 | Lair:3   | Slimified Snorg
 13030 | Lair:3   | Snorg changed into Snorg the slime creature
 13030 | Lair:3   | Noticed Snorg
 13034 | Lair:3   | Killed Snorg the slime creature
 13055 | Lair:3   | Identified the +4 whip of Wiwe {freeze, Drain rF++ rN+}
 13781 | Lair:4   | Lost mutation: You have a greatly increased reservoir of
                  | magic. (+30% MP) [Jiyva's grace]
 13781 | Lair:4   | Gained mutation: Your rubbery body absorbs attacks. (AC +1,
                  | EV +1) [Jiyva's grace]
 13781 | Lair:4   | Gained mutation: Your pliable body absorbs attacks. (AC +2,
                  | EV +2) [Jiyva's grace]
 13781 | Lair:4   | Gained mutation: Your gelatinous body deflects attacks. (AC
                  | +3, EV +3) [Jiyva's grace]
 13781 | Lair:4   | Gained mutation: Your system is resistant to poisons.
                  | (rPois) [Jiyva's grace]
 13844 | Lair:4   | Reached XP level 14. HP: 61/110 MP: 26/34
 13871 | Lair:4   | Reached skill level 10 in Invocations
 13889 | Lair:4   | Found a viscous altar of Jiyva.
 13889 | Lair:4   | Found a staircase to the Slime Pits.
 14536 | Slime:1  | Entered Level 1 of the Pits of Slime
 14618 | Slime:1  | Noticed an acid blob
 14768 | Slime:2  | Noticed an acid blob
 14887 | Slime:2  | Noticed an acid blob
 14918 | Slime:2  | Noticed an acid blob
 14924 | Slime:2  | Noticed a quicksilver ooze
 14993 | Slime:2  | Noticed a quicksilver ooze
 15105 | Slime:3  | Noticed a quicksilver ooze
 15107 | Slime:3  | Noticed an acid blob
 15108 | Slime:3  | Noticed an acid blob
 15145 | Slime:3  | Noticed a quicksilver ooze
 15239 | Slime:4  | Noticed an acid blob
 15239 | Slime:4  | Noticed an acid blob
 15240 | Slime:4  | Noticed a quicksilver ooze
 15254 | Slime:4  | Noticed an acid blob
 15255 | Slime:4  | Noticed an acid blob
 15383 | Slime:4  | Noticed an acid blob
 15385 | Slime:4  | Noticed an acid blob
 15410 | Slime:4  | Noticed an azure jelly
 15639 | Slime:3  | Noticed a rockslime
 15771 | Slime:5  | Entered Level 5 of the Pits of Slime
 15771 | Slime:5  | Noticed an acid blob
 15780 | Slime:5  | Noticed an acid blob
 15782 | Slime:5  | Noticed an azure jelly
 15810 | Slime:5  | Noticed an acid blob
 15850 | Slime:5  | Noticed an acid blob
 15854 | Slime:5  | Noticed an acid blob
 15877 | Slime:5  | Noticed an acid blob
 15885 | Slime:5  | Noticed an acid blob
 15925 | Slime:5  | Noticed an acid blob
 15959 | Slime:5  | Noticed an acid blob
 15962 | Slime:5  | Noticed an acid blob
 15964 | Slime:5  | Noticed an acid blob
 15969 | Slime:5  | Found a viscous altar of Jiyva.
 15983 | Slime:5  | Noticed an azure jelly
 15984 | Slime:5  | Noticed the Royal Jelly
 16177 | Lair:5   | Entered Level 5 of the Lair of Beasts
 16642 | Lair:5   | HP: 5/105 [six-headed hydra[a boggart] (4)]
 17100 | Lair:5   | Reached skill level 10 in Throwing
 17100 | Lair:5   | Reached skill level 10 in Armour
 17435 | Lair:5   | Lost mutation: You have a considerably increased reservoir
                  | of magic. (+20% MP) [Jiyva's grace]
 17435 | Lair:5   | Lost mutation: You have an increased reservoir of magic.
                  | (+10% MP) [Jiyva's grace]
 17435 | Lair:5   | Lost mutation: Your system is resistant to poisons. (rPois)
                  | [Jiyva's grace]
 17435 | Lair:5   | Gained mutation: Armour fits poorly on your pseudopods.
                  | [Jiyva's grace]
 17435 | Lair:5   | Gained mutation: Armour fits poorly on your large
                  | pseudopods. [Jiyva's grace]
 17435 | Lair:5   | Gained mutation: Armour fits poorly on your massive
                  | pseudopods. [Jiyva's grace]
 17435 | Lair:5   | Gained mutation: You are mostly covered in iridescent
                  | scales. (AC +4) [Jiyva's grace]
 18753 | D:13     | Noticed Erolcha
 18760 | D:13     | Reached skill level 10 in Translocations
 18790 | D:13     | Killed Erolcha
 18900 | D:13     | Reached skill level 10 in Short Blades
 18900 | D:13     | Reached skill level 10 in Axes
 18900 | D:13     | Reached skill level 10 in Maces & Flails
 18900 | D:13     | Reached skill level 10 in Polearms
 18900 | D:13     | Reached skill level 10 in Staves
 18900 | D:13     | Reached skill level 10 in Ranged Weapons
 18900 | D:13     | Reached skill level 10 in Stealth
 18900 | D:13     | Reached skill level 10 in Shields
 18900 | D:13     | Reached skill level 10 in Unarmed Combat
 18900 | D:13     | Reached skill level 10 in Evocations
 19106 | D:13     | Reached XP level 15. HP: 107/118 MP: 30/30
 19620 | D:13     | Found a gate to the Vaults.
 19717 | D:14     | Lost mutation: You have a pair of horns on your head.
                  | [Jiyva's grace]
 19717 | D:14     | Lost mutation: You are highly strong-willed. (Will++)
                  | [Jiyva's grace]
 19717 | D:14     | Lost mutation: Your natural rate of healing is unusually
                  | fast. [Jiyva's grace]
 19717 | D:14     | Lost mutation: Armour fits poorly on your massive
                  | pseudopods. [Jiyva's grace]
 19717 | D:14     | Lost mutation: You expend magic power (3 MP) to strengthen
                  | your wands. [Jiyva's grace]
 19717 | D:14     | Gained mutation: You have large cloven feet. [Jiyva's
                  | grace]
 19717 | D:14     | Gained mutation: You have hoof-like feet. [Jiyva's grace]
 19717 | D:14     | Gained mutation: You have hooves in place of feet. [Jiyva's
                  | grace]
 19717 | D:14     | Gained mutation: Armour fits poorly on your massive
                  | pseudopods. [Jiyva's grace]
 19925 | D:14     | Learned a level 6 spell: Statue Form
 20137 | D:14     | Reached ****** piety under Jiyva
 20165 | D:14     | HP: 1/119 [skeletal warrior/+0 glaive (18)]
 20169 | D:14     | a skeletal warrior changed into an azure jelly
 20169 | D:14     | Noticed an azure jelly
 20542 | D:15     | Entered Level 15 of the Dungeon
 20673 | D:15     | Noticed Jorgrun
 20687 | D:15     | Killed Jorgrun
 21101 | D:15     | Found a staircase to the Depths.
 21700 | Orc:1    | Entered Level 1 of the Orcish Mines
 22049 | Orc:2    | Entered Level 2 of the Orcish Mines
 22069 | Orc:2    | Found a staircase to the Elven Halls.
 22094 | Orc:2    | Lost mutation: You have hooves in place of feet. [Jiyva's
                  | grace]
 22094 | Orc:2    | Lost mutation: You are mostly covered in iridescent scales.
                  | (AC +4) [Jiyva's grace]
 22094 | Orc:2    | Lost mutation: Your spells are a little harder to cast, but
                  | a little more powerful. [Jiyva's grace]
 22094 | Orc:2    | Lost mutation: Your gelatinous body deflects attacks. (AC
                  | +3, EV +3) [Jiyva's grace]
 22094 | Orc:2    | Lost mutation: Armour fits poorly on your massive
                  | pseudopods. [Jiyva's grace]
 22094 | Orc:2    | Lost mutation: Armour fits poorly on your large pseudopods.
                  | [Jiyva's grace]
 22094 | Orc:2    | Gained mutation: Your flesh is heat resistant. (rF+)
                  | [Jiyva's grace]
 22094 | Orc:2    | Gained mutation: Your flesh is very heat resistant. (rF++)
                  | [Jiyva's grace]
 22094 | Orc:2    | Gained mutation: Your flesh is almost immune to the effects
                  | of heat. (rF+++) [Jiyva's grace]
 22094 | Orc:2    | Lost mutation: You have hoof-like feet. [Jiyva's grace]
 22094 | Orc:2    | Lost mutation: You have large cloven feet. [Jiyva's grace]
 22094 | Orc:2    | Gained mutation: You have sharp toenails. [Jiyva's grace]
 22179 | Orc:2    | Found Sabb's Jewellery Shoppe.
 22435 | Orc:2    | Found Plog's Distillery.
 22480 | Abyss:1  | Cast into level 1 of the Abyss (orc warrior)
 22503 | Abyss:1  | Noticed a daeva
 22610 | Abyss:1  | Found a corrupted altar of Lugonu.
 22848 | Abyss:1  | Noticed a profane servitor
 22896 | Abyss:1  | Noticed a daeva
 23017 | Abyss:1  | Noticed an Executioner
 23035 | Abyss:1  | Noticed a tentacled starspawn
 23063 | Abyss:1  | Reached XP level 16. HP: 122/127 MP: 30/32
 23116 | Abyss:1  | Gained mutation: You are mostly covered in iridescent
                  | scales. (AC +4) [Jiyva's grace]
 23116 | Abyss:1  | Gained mutation: You are completely covered in iridescent
                  | scales. (AC +6) [Jiyva's grace]
 23116 | Abyss:1  | Gained mutation: You passively dampen the noise of your
                  | surroundings. [Jiyva's grace]
 23116 | Abyss:1  | Gained mutation: Your gelatinous body deflects attacks. (AC
                  | +3, EV +3) [Jiyva's grace]
 23172 | Abyss:2  | Found a corrupted altar of Lugonu.
 23174 | Abyss:2  | Found a corrupted altar of Lugonu.
 23188 | Abyss:2  | Noticed a bone dragon
 23228 | Abyss:2  | Noticed a tentacled starspawn
 23252 | Abyss:2  | Killed a tentacled starspawn
 23273 | Abyss:2  | Found a corrupted altar of Lugonu.
 23282 | Abyss:2  | Found a corrupted altar of Lugonu.
 23377 | Abyss:2  | Noticed a tentacled starspawn
 23406 | Abyss:2  | Killed a tentacled starspawn
 23413 | Orc:2    | Escaped the Abyss
 23859 | Orc:2    | Found Azyppauh's Antique Weapon Boutique.
 23872 | Orc:2    | Found Neicoq's Antique Armour Shop.
 24067 | Elf:1    | Entered Level 1 of the Elven Halls
 24285 | Elf:1    | Got the Opusculum on Conjury
 24490 | Elf:1    | Found Jackeruaso's Antique Weapon Emporium.
 24492 | Elf:1    | Found Egupp's Armour Shoppe.
 24492 | Elf:1    | Found Etiytt's Jewellery Emporium.
 24496 | Elf:1    | Found Unu Vage's Antique Armour Shoppe.
 24518 | Elf:1    | Bought an ichor-stained trident for 263 gold pieces
 24518 | Elf:1    | Identified the +6 trident "Sioryvva" {freeze, Int+2 Dex+2}
                  | (You bought it in a shop on level 1 of the Elven Halls)
 24725 | Elf:1    | Found a runed translucent gate.
 24726 | Elf:1    | Found a runed translucent gate.
 24727 | Elf:1    | Found a runed translucent gate.
 24728 | Elf:1    | Noticed Rueben's ghost (journeyman FeBe)
 24830 | Elf:1    | Lost mutation: You have acidic saliva. [Jiyva's grace]
 24830 | Elf:1    | Lost mutation: Your gelatinous body deflects attacks. (AC
                  | +3, EV +3) [Jiyva's grace]
 24830 | Elf:1    | Lost mutation: Your pliable body absorbs attacks. (AC +2,
                  | EV +2) [Jiyva's grace]
 24830 | Elf:1    | Lost mutation: You passively dampen the noise of your
                  | surroundings. [Jiyva's grace]
 24830 | Elf:1    | Gained mutation: You passively dampen the noise of your
                  | surroundings. [Jiyva's grace]
 24830 | Elf:1    | Gained mutation: You are somewhat resistant to further
                  | mutation. [Jiyva's grace]
 24830 | Elf:1    | Gained mutation: You are somewhat resistant to both further
                  | mutation and mutation removal. [Jiyva's grace]
 24830 | Elf:1    | Gained mutation: You are almost entirely resistant to
                  | further mutation and mutation removal. [Jiyva's grace]
 25163 | Elf:1    | Identified the +2 pair of boots of the Goldsmith {Will+}
 25327 | Elf:1    | Killed Rueben's ghost
 25378 | Elf:1    | Identified the +0 helmet "Kaicver" {Slay+2}
 25721 | Elf:2    | Found a runed translucent gate.
 25724 | Elf:2    | Reached XP level 17. HP: 135/135 MP: 33/33
 25724 | Elf:2    | Found a runed translucent gate.
 25724 | Elf:2    | Found a runed translucent gate.
 25764 | Elf:2    | Paralysed by an air elemental for 1 turns
 25879 | Elf:2    | Reached skill level 10 in Conjurations
 25879 | Elf:2    | Reached skill level 10 in Hexes
 25879 | Elf:2    | Reached skill level 10 in Summonings
 25879 | Elf:2    | Reached skill level 10 in Necromancy
 25879 | Elf:2    | Reached skill level 10 in Transmutations
 25879 | Elf:2    | Reached skill level 10 in Fire Magic
 25879 | Elf:2    | Reached skill level 10 in Ice Magic
 25879 | Elf:2    | Reached skill level 10 in Air Magic
 25879 | Elf:2    | Reached skill level 10 in Earth Magic
 25879 | Elf:2    | Reached skill level 10 in Poison Magic
 25927 | Elf:2    | Found a crumbling gateway.
 26162 | Elf:3    | Entered Level 3 of the Elven Halls
 26468 | Elf:3    | Found an ancient bone altar of Kikubaaqudgha.
 26508 | Elf:3    | Found Moutzan's Jewellery Shoppe.
 26509 | Elf:3    | Found Cydublill's Book Shop.
 26509 | Elf:3    | Found Ageiros's Book Shop.
 26744 | Elf:3    | Identified the +0 ring mail of the Arena {Dex+2}
 26746 | Elf:3    | Noticed a Tzitzimitl
 26747 | Elf:3    | Noticed an Executioner
 26754 | Elf:3    | Killed from afar by a deep elf high priest

Illustrated notes

Levels and vault maps discovered:
D:1:      spicycebolla_green_bress_n_ham, layout_loops_ring,
          ebering_ecumenical_altar_rust, serial_shops, nicolae_shop_crystal,
          minivault_25
D:2:      layout_loops_ring, chequers_garden, uniq_crazy_yiuf_cottage,
          uniq_natasha, uniq_terence
D:3:      layout_rooms, general_overflow_altar, lightli_sewer_entry_pipes,
          uniq_robin, uniq_sigmund
D:4:      layout_rooms, minmay_diced_spiral, uniq_eustachio, uniq_ijyb,
          uniq_menkaure
D:5:      layout_basic, nicolae_overflow_crystal_walls,
          minmay_temple_entry_wispy, gammafunk_ghost_stat_death, st_stairs_8,
          uniq_duvessa
D:6:      gammafunk_cloud_chamber, layout_loops_ring, lemuel_crystal_altar,
          mainiacjoe_overflow_two_lobes, serial_shops, shop_fountains
D:7:      layout_cave_pods, mainiacjoe_overflow_paths, lemuel_blue_sif_altar,
          serial_shops, kennysheep_mini_moat, minmay_misc_feat_nine_boxes,
          minivault_24, uniq_pikel
D:8:      layout_loops_corners, lemuel_crystal_altar, uniq_grum
D:9:      layout_grid_maze, mainiacjoe_overflow_large_starburst, david_orc_4,
          kennysheep_generic_room_2
D:10:     layout_basic, nzn_hepliaklqana_mist_gate
D:11:     layout_basic, hellmonk_lair_entry_icy, serial_shops, shop,
          nemelex_spade_bored_becter, uniq_harold
D:12:     cheibrodos_statue_roulette, layout_long_grid
D:13:     layout_grid_maze, grunt_vaults_entry_fortified, uniq_erolcha
D:14:     layout_irregular_city, nicolae_titane
D:15:     hangedman_depths_entry_civil_slaughter, layout_loops_ring,
          hangedman_decor_diamond_cutter, grunt_decor_one_mirror,
          nrook_loot_triangle, minivault_16, uniq_jorgrun
Temple:   pf_slime_end_temple
Lair:1:   layout_roguey, beast_lair_carwin_1
Lair:2:   layout_hall_layers, nicolae_shoals_entry_roost, gauntlet_entry_generic
Lair:3:   regret_index_bee_streams, layout_cave_shapes,
          nicolae_spider_entry_lesser_pyramids, nicolae_volcano_entry_s_turn,
          wad_woods_01, uniq_snorg
Lair:4:   layout_cave_pods, nicolae_slime_entry_slimehenge, grunt_megastairs_5
Lair:5:   minmay_lair_end_enchanted_forest, layout_cave_pods
Slime:1:  layout_caves
Slime:2:  layout_caves, cheibrodos_slime_lost_civilization_7
Slime:3:  layout_caves
Slime:4:  layout_caves, cheibrodos_slime_lost_civilization_6
Slime:5
Orc:1:    layout_diamond_mine, basic_altar
Orc:2:    grunt_orc_community_town_hall, layout_diamond_mine,
          grunt_orc_community_big_house_1, grunt_orc_community_big_house_1,
          grunt_orc_community_house_3, grunt_orc_community_house_2,
          grunt_orc_community_house_3, grunt_orc_community_house_1,
          grunt_orc_community_house_3, grunt_orc_community_house_3,
          nicolae_orc_lava_room
Elf:1:    eino_elf_arrival_sip, layout_loops_corners,
          gammafunk_ghost_tricky_traps, minmay_elf_annihilation, laboratory,
          minmay_shoptagon
Elf:2:    nicolae_elf_blades_crystal_corner, layout_gridlike,
          portal_desolation_entry_garden
Elf:3:    minmay_elf_hall_not_hex, layout_geoelf_diagonals, basic_altar,
          hangedman_elf_targetted_burst, hangedman_elf_simple_split,
          minmay_shop_grove

Skill      XL: |  1  2  3  4  5  6  7  8  9 10 11 12 13 14 15 16 17 |
---------------+----------------------------------------------------+-----
Spellcasting   | 5 6 7 8 9 10 11 12 13 | 13.0
Invocations    | 1 2 3 4 5 6 7 8 9 10 11 12 13 | 13.1
Short Blades   | 1 2 3 5 6 7 8 9 10 11 12 | 12.0
Axes           | 1 2 3 5 6 7 8 9 10 11 12 | 12.0
Maces & Flails | 1 2 3 5 6 7 8 9 10 11 12 | 12.0
Polearms       | 1 2 3 5 6 7 8 9 10 11 12 | 12.0
Staves         | 1 2 3 5 6 7 8 9 10 11 12 | 12.0
Ranged Weapons | 1 2 3 5 6 7 8 9 10 11 12 | 12.0
Stealth        | 1 2 3 5 6 7 8 9 10 11 12 | 12.0
Shields        | 1 2 3 5 6 7 8 9 10 11 12 | 12.0
Unarmed Combat | 1 2 3 5 6 7 8 9 10 11 12 | 12.0
Evocations     | 1 2 3 5 6 7 8 9 10 11 12 | 12.0
Conjurations   | 1 2 3 4 5 6 7 8 9 10 | 10.2
Hexes          | 1 2 3 4 5 6 7 8 9 10 | 10.2
Summonings     | 1 2 3 4 5 6 7 8 9 10 | 10.2
Necromancy     | 1 2 3 4 5 6 7 8 9 10 | 10.2
Transmutations | 1 2 3 4 5 6 7 8 9 10 | 10.2
Fire Magic     | 1 2 3 4 5 6 7 8 9 10 | 10.2
Ice Magic      | 1 2 3 4 5 6 7 8 9 10 | 10.2
Air Magic      | 1 2 3 4 5 6 7 8 9 10 | 10.2
Earth Magic    | 1 2 3 4 5 6 7 8 9 10 | 10.2
Poison Magic   | 1 2 3 4 5 6 7 8 9 10 | 10.2
Throwing       | 3 4 5 6 7 8 9 10 11 12 | 12.3
Armour         | 3 4 5 6 7 8 9 10 11 12 | 12.3
Fighting       | 5 6 7 8 9 10 11 12 | 12.8
Long Blades    | 5 6 7 8 9 10 11 12 | 12.8
Dodging        | 5 6 7 8 9 10 11 12 | 12.8
Translocations | 6 7 8 9 10 11 | 11.5

Action                     |  1- 3 |  4- 6 |  7- 9 | 10-12 | 13-15 | 16-18 || total
---------------------------+-------+-------+-------+-------+-------+-------++-------
  Melee: Falchion          |   128 |    97 |       |       |       |       ||   225
         Bite              |    10 |    19 |    33 |   120 |   299 |   140 ||   621
         Punch             |     2 |     3 |     6 |       |       |       ||    11
         Broad axe         |       |   132 |    89 |       |   107 |       ||   328
         Whip              |       |       |   234 |       |   900 |   496 ||  1630
         War axe           |       |       |       |   761 |   881 |       ||  1642
         Headbutt          |       |       |       |   165 |   535 |   212 ||   912
         Pseudopods        |       |       |       |       |   285 |   210 ||   495
         Kick              |       |       |       |       |   293 |   243 ||   536
         Trident           |       |       |       |       |       |   462 ||   462
 Invoke: Slimify           |       |       |       |     4 |     7 |       ||    11
         Oozemancy         |       |       |       |     1 |     2 |     3 ||     6
  Evoke: Wand              |       |       |     1 |       |     3 |       ||     4
    Use: Potion            |       |     2 |     1 |       |     6 |     2 ||    11
         Scroll            |       |       |    14 |     4 |    13 |     1 ||    32
   Stab: Sleeping          |     3 |       |     1 |    13 |    18 |    17 ||    52
         Petrified         |       |       |       |       |     1 |       ||     1
         Distracted        |       |       |       |       |     2 |     1 ||     3
 Armour: Leather armour    |    31 |    10 |       |       |       |       ||    41
         Ring mail         |       |    51 |    87 |    98 |       |       ||   236
         Troll leather arm |       |       |       |   140 |   529 |   167 ||   836
  Dodge: Dodged            |    88 |   259 |   354 |   922 |  2050 |   616 ||  4289
  Block: Buckler           |       |       |    22 |   313 |   676 |   238 ||  1249

Table legend: (Time is in decaauts)
 A = Elapsed time spent in this place.
 B = Non-inter-level travel time spent in this place.
 C = Inter-level travel time spent in this place.
 D = Time resting spent in this place.
 E = Time spent auto-exploring this place.
 F = Levels seen in this place.
 G = Mean time per level.
                   A        B        C        D        E       F      G
               +--------+--------+--------+--------+--------+-----+--------+
         Total |  26592 |  25362 |   1230 |    767 |  16887 |  35 |  759.8 |
       Dungeon |  14057 |  13302 |    755 |    628 |   9065 |  15 |  937.1 |
        Temple |    136 |    124 |     12 |      0 |    102 |   1 |  136.0 |
          Lair |   5088 |   4912 |    176 |     30 |   3093 |   5 | 1017.6 |
    Slime Pits |   1627 |   1481 |    146 |     16 |   1398 |   5 |  325.4 |
  Orcish Mines |   1262 |   1200 |     62 |      0 |    759 |   2 |  631.0 |
   Elven Halls |   2511 |   2434 |     77 |     20 |   1612 |   3 |  837.0 |
         Abyss |    793 |    793 |      0 |     55 |     28 |   2 |  396.5 |
         Sewer |    970 |    970 |      0 |     17 |    724 |   1 |  970.0 |
      Gauntlet |    144 |    144 |      0 |      0 |    105 |   1 |  144.0 |
               +--------+--------+--------+--------+--------+-----+--------+

Top non-repeatable levels by time:
  Lair:5: 1388 daAuts
   Elf:1: 1290 daAuts
  Lair:3: 1217 daAuts
     D:5: 1153 daAuts
     D:9: 1050 daAuts
    D:12: 1044 daAuts
     D:8: 1025 daAuts
   Sewer: 970 daAuts
    D:13: 966 daAuts
     D:4: 948 daAuts
     D:6: 939 daAuts
     D:3: 931 daAuts
    D:15: 922 daAuts
     D:2: 909 daAuts
     D:1: 900 daAuts
